AoeStats
← bs-32

Arena

510125568Analyzed
4v4 RM · 3d ago on Sep 29, 2026· 75m 58s· 8 players
Game mode
Random Map
Map size
Large (8 player)
Population
200
Speed
Normal
Resources
Standard
Victory
Conquest
Starting age
Dark Age
Ending age
Imperial Age
RankedLock teamsTeams togetherTeam positionsShared explorationLock speedFull tech treeHidden civsTurbo modeCheats
Victory
Defeat
🇺🇸 Mongols · United States
655
+12
🇲🇽 Malay · Mexico
636
+13
🇲🇽 Khmer · Mexico
506
+19
🇵🇪 Goths · Peru
506
+19
🇩🇪 Portuguese · Germany
647
-19
🇹🇷 Malians · Türkiye
588
-17
🇮🇹 Hindustanis · Italy
531
-14
🇮🇹 Burmese · Italy
506
-13
mrmarcozope
9:06 Loom
12:25 Feudal Age
13:51 Wheelbarrow
13:04 Double-Bit Axe
13:34 Horse Collar
24:03 Castle Age
22:49 Gold Mining
24:58 Heavy Plow
25:11 Bow Saw
29:43 Fortified Wall
37:18 Imperial Age
37:38 Ballistics
39:02 Thumb Ring
43:51 Chemistry
45:02 Two-Man Saw
44:41 Fletching
44:52 Padded Archer Armor
46:33 Gold Shaft Mining
48:10 Bodkin Arrow
48:30 Leather Archer Armor
49:22 Onager
57:59 Forging
57:50 Scale Mail Armor
58:21 Ring Archer Armor
57:52 Bracer
57:58 Scale Barding Armor
57:32 Light Cavalry
58:24 Bloodlines
58:15 Husbandry
59:46 Iron Casting
64:29 Chain Barding Armor
66:18 Hussar
FENERBAHCE
12:55 Feudal Age
20:45 Castle Age
18:52 Double-Bit Axe
18:50 Horse Collar
19:05 Stone Mining
19:08 Gold Mining
32:30 Imperial Age
30:37 Wheelbarrow
29:48 Town Watch
29:48 Loom
31:00 Gold Shaft Mining
31:01 Stone Shaft Mining
30:32 Heavy Plow
30:47 Bow Saw
32:36 Hand Cart
32:21 Town Patrol
36:42 Elite Gbeto
39:54 Tigui
39:58 Farimba
40:20 Conscription
40:38 Crop Rotation
40:18 Scale Mail Armor
40:18 Padded Archer Armor
42:29 Chain Mail Armor
42:29 Leather Archer Armor
42:05 Fletching
42:26 Forging
42:22 Scale Barding Armor
43:39 Sappers
44:45 Hoardings
49:06 Chemistry
48:28 Ballistics
48:42 Plate Mail Armor
48:43 Ring Archer Armor
48:09 Bodkin Arrow
48:24 Caravan
52:27 Onager
54:23 Siege Onager
biolk
1:38 Loom
10:58 Feudal Age
18:28 Castle Age
17:40 Scale Barding Armor
17:18 Horse Collar
17:30 Double-Bit Axe
18:10 Stone Mining
18:32 Gold Mining
19:57 Pikeman
26:00 Husbandry
27:23 Bloodlines
29:39 Town Watch
30:31 Wheelbarrow
30:39 Circumnavigation
31:19 Heavy Plow
31:33 Bow Saw
35:23 Imperial Age
34:03 Hand Cart
34:33 Stone Shaft Mining
35:55 Cavalier
38:00 Chemistry
38:14 Chain Barding Armor
38:05 Forging
45:00 Two-Man Saw
44:06 Caravan
44:51 Plate Barding Armor
44:59 Bombard Tower
45:01 Ballistics
46:04 Onager
52:02 Light Cavalry
58:13 Iron Casting
74:58 Town Patrol
bs-32
12:17 Feudal Age
13:31 Horse Collar
21:24 Castle Age
20:25 Gold Mining
20:26 Stone Mining
22:35 Pikeman
22:36 Man-at-Arms
23:54 Long Swordsman
25:14 Forging
25:06 Scale Mail Armor
25:11 Scale Barding Armor
30:30 Iron Casting
30:11 Chain Mail Armor
29:58 Padded Archer Armor
31:48 Gold Shaft Mining
38:39 Imperial Age
37:27 Town Watch
38:18 Wheelbarrow
37:29 Loom
39:05 Chain Barding Armor
38:36 Fletching
40:24 Elite Arambai
42:41 Two-Handed Swordsman
43:27 Howdah
43:09 Elite Battle Elephant
46:16 Champion
51:48 Heavy Cavalry Archer
52:54 Parthian Tactics
inquicidor123
0:37 Loom
12:45 Feudal Age
11:57 Man-at-Arms
13:42 Double-Bit Axe
19:08 Wheelbarrow
24:43 Castle Age
23:33 Horse Collar
26:01 Forging
28:44 Elite Skirmisher
31:26 Bow Saw
31:55 Long Swordsman
32:26 Arson
38:05 Iron Casting
40:05 Imperial Age
37:02 Pikeman
37:43 Squires
37:10 Crossbowman
37:55 Thumb Ring
39:19 Town Watch
42:00 Blast Furnace
42:18 Halberdier
45:32 Thalassocracy
46:02 Elite Karambit Warrior
47:39 Ballistics
51:29 Chemistry
51:33 Fletching
51:44 Padded Archer Armor
51:41 Gold Mining
56:21 Forced Levy
59:53 Onager
60:46 Bodkin Arrow
61:06 Leather Archer Armor
60:59 Two-Handed Swordsman
Pain_Gael_1207
0:43 Loom
14:33 Feudal Age
20:07 Castle Age
18:43 Wheelbarrow
17:57 Double-Bit Axe
19:55 Horse Collar
22:13 Heavy Plow
23:49 Bow Saw
25:51 Forging
25:46 Scale Barding Armor
25:45 Gold Mining
25:45 Stone Mining
34:10 Imperial Age
32:22 Gold Shaft Mining
32:22 Stone Shaft Mining
32:12 Chain Barding Armor
32:27 Iron Casting
32:34 Hand Cart
32:39 Town Watch
32:48 Town Watch
34:06 Iron Casting
34:31 Bloodlines
34:21 Husbandry
35:19 Town Patrol
37:39 Blast Furnace
37:14 Plate Barding Armor
37:21 Plate Barding Armor
36:22 Elite Ballista Elephant
37:24 Conscription
37:57 Crop Rotation
38:51 Chemistry
38:03 Masonry
38:03 Fortified Wall
37:49 Murder Holes
38:30 Ballistics
39:20 Elite Ballista Elephant
40:20 Conscription
40:40 Double Crossbow
53:11 Hoardings
52:37 Tusk Swords
53:13 Architecture
Okamare
2:30 Loom
10:13 Feudal Age
11:26 Feudal Age
13:00 Double-Bit Axe
13:20 Horse Collar
24:07 Castle Age
22:53 Fletching
25:38 Bow Saw
28:54 Gold Mining
32:03 Thumb Ring
31:59 Bodkin Arrow
32:05 Padded Archer Armor
35:55 Gold Shaft Mining
41:17 Imperial Age
44:46 Nomads
45:41 Heavy Cavalry Archer
47:12 Bracer
47:28 Leather Archer Armor
49:40 Parthian Tactics
51:59 Chemistry
51:20 Ballistics
64:48 Conscription
65:40 Light Cavalry
ZZL
12:01 Feudal Age
12:39 Horse Collar
12:45 Double-Bit Axe
17:35 Gold Mining
18:06 Stone Mining
22:03 Castle Age
21:43 Padded Archer Armor
21:34 Fletching
21:56 Forging
21:46 Scale Mail Armor
23:24 Bow Saw
23:16 Heavy Plow
23:54 Stone Shaft Mining
24:39 Wheelbarrow
24:11 Squires
24:39 Pikeman
25:38 Chain Mail Armor
24:58 Elite Skirmisher
27:41 Hand Cart
27:47 Town Watch
30:08 Town Patrol
32:13 Ballistics
31:41 Loom
32:29 Chain Mail Armor
32:29 Leather Archer Armor
35:23 Imperial Age
35:01 Anarchy
36:46 Crop Rotation
37:18 Two-Man Saw
38:07 Chemistry
39:01 Bodkin Arrow
39:43 Iron Casting
39:13 Halberdier
41:13 Elite Huskarl
44:14 Perfusion
73:00 Blast Furnace
72:02 Bracer
Connection lost

Rejoining the realm…

Still unreachable

The connection could not be restored.

Session expired

The server has moved on; the page needs a fresh start.